 Dungeon Crawl Stone Soup version 0.28.0-43-g3370ac3207 (webtiles) character file.

Game seed: 3411320755467450585

153 Sanktem7 the Skirmisher (level 5, -5/48 HPs)
             Began as a Minotaur Fighter on Mar 1, 2022.
             Slain by a lemure (6 damage)
             ... led by Pikel
             ... on level 4 of the Dungeon.
             The game lasted 00:02:45 (2294 turns).

Sanktem7 the Skirmisher (Minotaur Fighter)          Turns: 2294, Time: 00:02:45

Health: -5/48      AC:  9    Str: 23    XL:     5   Next: 12%
Magic:  4/4        EV:  7    Int:  5    God:
Gold:   89         SH:  4    Dex:  9    Spells: 4/4 levels left

rFire   . . .      SeeInvis .   a - +0 war axe {axe}
rCold   . . .      Faith    .   c - +0 buckler
rNeg    . . .      Spirit   .   s - +0 chain mail
rPois   .          Reflect  .   (helmet restricted)
rElec   .          Harm     .   (no cloak)
rCorr   .          Rampage  .   (no gloves)
Will    .....                   (no boots)
Stlth   ..........              (no amulet)
HPRegen 0.16/turn               (no ring)
MPRegen 0.09/turn               (no ring)

@: no status effects
A: horns 2, retaliatory headbutt
a: no special abilities


You were on level 4 of the Dungeon.
You visited 1 branch of the dungeon, and saw 4 of its levels.

You collected 141 gold pieces.
You spent 52 gold pieces at shops.


Innate Abilities, Weirdness & Mutations

You have a pair of horns on your head.
You reflexively headbutt those who attack you in melee.


   Skills:
 * Level 5.2 Fighting
 * Level 4.4 Axes
 + Level 4.5 Armour
 - Level 3.6 Shields


You had 4 spell levels left.
You didn't know any spells.
Your spell library contained the following spells:

 Spells                   Type           Power      Damage    Failure   Level
 Apportation              Tloc           0%         N/A       99%         1
 Sandblast                Erth           0%         2d4       99%         1
 Sting                    Tmut/Pois      0%         1d3       99%         1
 Passwall                 Tmut/Erth      0%         N/A       100%        2
 Poisonous Vapours        Pois/Air       0%         N/A       100%        2
 Stone Arrow              Conj/Erth      0%         3d7       100%        3
 Olgreb's Toxic Radiance  Pois           0%         N/A       100%        4
 Alistair's Intoxication  Tmut/Pois      0%         N/A       100%        5

Inventory:

Hand Weapons
 a - a +0 war axe (weapon) {axe}
Missiles
 e - 23 sling bullets
 p - 22 bolts
 q - 31 stones (quivered) {throwing}
Armour
 c - a +0 buckler (worn)
 s - a +0 chain mail (worn)
   (You found it on level 3 of the Dungeon)
Magical Staves
 g - a staff of conjuration {!a@e2staff}
   (You found it on level 1 of the Dungeon)
Jewellery
 h - a +4 ring of evasion
   (You found it on level 1 of the Dungeon)
Scrolls
 k - 2 scrolls of teleportation {unknown}
 l - 5 scrolls of identify {@r1}
 m - a scroll of holy word {unknown}
 n - 2 scrolls of fog {unknown}
 r - a scroll of amnesia {unknown}
Potions
 d - a potion of might
 f - a potion of curing {unknown}
 i - 2 potions of degeneration {unknown}
 j - a potion of invisibility {unknown}
 o - 2 potions of magic {unknown}

Dungeon Overview and Level Annotations

Branches:
Dungeon (4/15)
 Temple: D:4-7

Altars:

Shops:
D:2 ?

Annotations:
D:4 Pikel

#..........#
#....#.....#
##.........# ##
#..55..#.# ..
....##5K...#
.##.####.##<##..#
...[...$.##)# .o#
#.......5##.# ...
...####.@K5.###.#o#
.......55..!.......
.....#.........####
####...##..#####
#..###..#... #..
#.##...# #.# #.#
.... .. ..# #.. ..
.#


You could see Pikel and 4 lemures.


Message History

There is a stone staircase leading up here.
The hound bites you but does no damage. The hound bites you. 😕 HP[-1]
You take 1 damage, and now have 40/42 hp.
You slash the hound! Your headbutt misses the hound.
The hound closely misses you. The hound bites you but does no damage.
You hit the hound but do no damage. The hound bites you.
An orc comes into view. It is wielding a +0 hand axe.
Pikel cracks his whip.
The hound bites you but does no damage. 😕 HP[-3]
You take 3 damage, and now have 37/42 hp.
The orc shouts!
You slash the hound!
You kill the hound!
The orc barely misses you.
You have reached level 5! 😕 HP[+5] MP[+1]
You now have 48 max hp (+6).
You regained 5 hp, and now have 42/48 hp.
Your mp is fully restored (4).
You slash the orc!
You kill the orc!
A lemure comes into view.
The lemure hits you but does no damage.
The lemure shouts!
You hit the lemure but do no damage. You hit the orc.
The orc closely misses you.
A lemure comes into view.
The lemure hits you!
A giant cockroach comes into view. 😮 HP[-6]
You take 6 damage, and now have 36/48 hp.
You barely miss the lemure. You closely miss the orc.
The lemure shouts!
The orc barely misses you. The lemure hits you.
You block the orc's attack. 😮 HP[-3]
You take 3 damage, and now have 33/48 hp.
You slash the orc!
You kill the orc!
You barely miss the lemure. The lemure hits you. 😮 HP[-4]
You take 4 damage, and now have 29/48 hp.
Things that are here:
a +0 hand axe {axe}; a +0 scale mail; 2 green potions The giant cockroach bites you. 😮 HP[-1]
You take 1 damage, and now have 28/48 hp.
You barely miss the giant cockroach.
Your headbutt misses the giant cockroach.
You hit the lemure. You block the lemure's attack.
The giant cockroach barely misses you. You furiously retaliate!
You headbutt the giant cockroach!
You kill the giant cockroach!
The lemure hits you but does no damage. 😮 HP[+1]
You see here a giant cockroach corpse.
The orc hits you with a +0 whip. The lemure hits you but does no damage.
You see here a giant cockroach corpse. 😮 HP[-4]
You take 4 damage, and now have 25/48 hp.
You hit the orc. You hit the lemure but do no damage. You hit the orc.
The orc hits you with a +0 morningstar.
* * * LOW HITPOINT WARNING * * *
The orc barely misses you.
The lemure hits you but does no damage. 😨 HP[-1]
You take 1 damage, and now have 24/48 hp.
You barely miss the orc. Your headbutt misses the orc. You slash the lemure!
You hit the orc. You block the orc's attack.
The orc hits you but does no damage. The lemure hits you.
* * * LOW HITPOINT WARNING * * *
You block the orc's attack. The orc hits you with a +0 morningstar.
* * * LOW HITPOINT WARNING * * *
😨 HP[-9]
You take 9 damage, and now have 15/48 hp.
You barely miss the orc. You barely miss the lemure. You closely miss the orc.
The lemure hits you.
* * * LOW HITPOINT WARNING * * *
The orc hits you but does no damage. The orc hits you with a +0 morningstar.
* * * LOW HITPOINT WARNING * * *
😱 HP[-4]
You take 4 damage, and now have 11/48 hp.
You hit the orc.
You kill the orc!
You hit the orc.
You kill the orc!
You slash the lemure! x2; The lemure hits you.
* * * LOW HITPOINT WARNING * * *
The lemure hits you.
* * * LOW HITPOINT WARNING * * *
Pikel hits you with a +1 whip of electrocution.
* * * LOW HITPOINT WARNING * * *
You block the lemure's attack. 😱 HP[-10]
You take 10 damage, and now have 1/48 hp.
MASSIVE DAMAGE!! (PAUSE)
You barely miss Pikel. You headbutt Pikel. You hit the lemure. x3
The lemure hits you.
You die...

Skill      XL: |  1  2  3  4 |
---------------+-------------+-----
Fighting       | 4 5 |  5.2
Axes           | 3 4 |  4.4
Armour         | 4 |  4.5
Shields        | |  3.6

Action                   |  1- 3 |  4- 6 || total
-------------------------+-------+-------++-------
Melee: War axe           |    83 |    41 ||   124
       Headbutt          |     7 |     3 ||    10
Armor: Scale mail        |    55 |    13 ||    68
       Chain mail        |       |     9 ||     9
Dodge: Dodged            |    26 |    18 ||    44
Block: Buckler           |    20 |     8 ||    28

Levels and vault maps discovered:
D:1:      lightli_iron_boxes, layout_basic, chequers_garden
D:2:      layout_rooms, serial_shops, nicolae_shop_waterfront, serial_rivers,
          chequers_serial_rivers_micro_a, chequers_serial_rivers_micro_d,
          chequers_serial_rivers_small_a, chequers_serial_rivers_micro_d
D:3:      layout_basic, basic_ecumenical_altar, minmay_misc_feat_more_columns
D:4:      layout_rooms, minmay_temple_entry_poolview, serial_shops,
          nicolae_shop_behind_doors, gammafunk_ghost_stat_death, uniq_pikel

Notes
Turn   | Place    | Note
-------+----------+-------------------------------------------
     0 | D:1      | Sanktem7 the Minotaur Fighter began the quest for the Orb.
     0 | D:1      | Reached XP level 1. HP: 19/19 MP: 0/0
     0 | D:1      | magus.rc [v1.9.6]
   158 | D:1      | Reached XP level 2. HP: 27/27 MP: 1/1
   213 | D:1      | Reached skill level 4 in Fighting
   255 | D:1      | Reached skill level 3 in Axes
   778 | D:2      | Reached skill level 4 in Armour
   778 | D:2      | Reached XP level 3. HP: 15/33 MP: 2/2
  1184 | D:2      | Found Jaumewi's Magic Scroll Shoppe.
  1228 | D:2      | Bought 2 scrolls of identify for 52 gold pieces
  1586 | D:3      | You pick up a book of Geomancy and begin reading...
  1586 | D:3      | You add the spells Sandblast, Passwall and Stone Arrow to
                  | your library.
  1625 | D:3      | Reached XP level 4. HP: 39/41 MP: 3/3
  1713 | D:3      | Reached skill level 4 in Axes
  1754 | D:3      | Found a faded altar of an unknown god.
  1775 | D:3      | You pick up a book of Party Tricks and begin reading...
  1775 | D:3      | You add the spells Apportation and Alistair's Intoxication
                  | to your library.
  1811 | D:3      | Reached skill level 5 in Fighting
  1919 | D:3      | You add the spells Sting, Poisonous Vapours and Olgreb's
                  | Toxic Radiance to your library.
  2271 | D:4      | Noticed a lemure
  2271 | D:4      | Noticed a lemure
  2272 | D:4      | Noticed Pikel
  2280 | D:4      | Reached XP level 5. HP: 42/48 MP: 4/4
  2280 | D:4      | Noticed a lemure
  2281 | D:4      | Noticed a lemure
  2292 | D:4      | HP: 12/48 [lemure[Pikel] (4)]
  2293 | D:4      | HP: 2/48 [lemure[Pikel] (5)]
  2294 | D:4      | Slain by a lemure

Vanquished Creatures
  2 hounds
  3 adders
  2 dart slugs (D:1)
  4 orcs (D:4)
  2 bats (D:2)
  5 endoplasms
  5 giant cockroaches
  5 goblins
  4 hobgoblins
  3 quokkas
  7 ball pythons
  6 frilled lizards
  2 kobolds
  4 rats
54 creatures vanquished.

Table legend:
 A = Non-vault XP
 B = Vault XP
 C = Vault XP percentage of total XP
 D = Non-vault monster count
 E = Vault monster count
 F = Vault count percentage of total count
                 A         B        C        D         E       F
            +---------+---------+-------+---------+---------+-------
      Total |     219 |       0 |   0.0 |      54 |       0 |   0.0
            +---------+---------+-------+---------+---------+-------
        D:1 |      32 |       0 |   0.0 |      18 |       0 |   0.0
        D:2 |      46 |       0 |   0.0 |      13 |       0 |   0.0
        D:3 |      82 |       0 |   0.0 |      17 |       0 |   0.0
        D:4 |      59 |       0 |   0.0 |       6 |       0 |   0.0
            +---------+---------+-------+---------+---------+-------

Illustrated notes

Table legend:
 A = Kills in this place as a percentage of kills in entire the game.
 B = Kills by you in this place as a percentage of kills by you in the entire game.
 C = Kills by friends in this place as a percentage of kills by friends in the entire game.
 D = Other kills in this place as a percentage of other kills in the entire game.
 E = Experience gained in this place as a percentage of experience gained in the entire game.
 F = Experience gained in this place divided by the number of levels of this place that you have seen.
                   A       B       C       D       E      F
               +-------+-------+-------+-------+-------+----------------------
         Total | 100.0 | 100.0 |   N/A |   N/A | 100.0 |  54.8
       Dungeon | 100.0 | 100.0 |   N/A |   N/A | 100.0 |  54.8
               +-------+-------+-------+-------+-------+----------------------

Table legend: (Time is in decaauts)
 A = Elapsed time spent in this place.
 B = Non-inter-level travel time spent in this place.
 C = Inter-level travel time spent in this place.
 D = Time resting spent in this place.
 E = Time spent auto-exploring this place.
 F = Levels seen in this place.
 G = Mean time per level.
                   A        B        C        D        E       F      G
               +--------+--------+--------+--------+--------+-----+--------+
         Total |   2341 |   2291 |     50 |      0 |   1911 |   4 |  585.2 |
       Dungeon |   2341 |   2291 |     50 |      0 |   1911 |   4 |  585.2 |
               +--------+--------+--------+--------+--------+-----+--------+

Top non-repeatable levels by time:
     D:2: 864 daAuts
     D:1: 725 daAuts
     D:3: 724 daAuts
     D:4: 27 daAuts
